 Dungeon Crawl Stone Soup version 0.31-a0-801-gc67433417a (webtiles) character file.

Game seed: 4307847829506570788

91 Ivernyr the Slasher (level 4, -1/23 HPs)
             Began as a Vine Stalker Gladiator on Sept 20, 2023.
             Slain by Pikel
             ... wielding a +2 whip of freezing
              (8 damage)
             ... on level 4 of the Dungeon.
             The game lasted 00:04:25 (2150 turns).

Ivernyr the Slasher (Vine Stalker Gladiator)        Turns: 2150, Time: 00:04:26

Health: -1/23      AC:  5    Str: 16    XL:     4   Next: 57%
Magic:  0/5        EV: 13    Int:  8    God:
Gold:   102        SH:  0    Dex: 18    Spells: 3/3 levels left

rFire   . . .        a - +0 long sword
rCold   . . .        (no shield)
rNeg    . . .        b - +0 leather armour
rPois   .            c - +0 helmet
rElec   .            g - +0 cloak
rCorr   .            (no gloves)
SInv    .            (no boots)
Will    .....        (no amulet)
Stlth   +            (no ring)
HPRegen 1.03/turn    (no ring)
MPRegen 0.09/turn

%: guardian spirit
@: brilliant
A: fangs 2, regeneration 1, magic shield, antimagic bite, no potion heal 2
a: no special abilities


You were on level 4 of the Dungeon.
You visited 1 branch of the dungeon, and saw 4 of its levels.

You collected 102 gold pieces.

Inventory:

Hand Weapons
 a - a +0 long sword (weapon)
Missiles
 d - 3 throwing nets (quivered)
 e - a javelin
Armour
 b - a +0 leather armour (worn)
 c - a +0 helmet (worn)
 g - a +0 cloak (worn)
Scrolls
 h - 5 scrolls of identify {unknown}
 j - a scroll of enchant weapon {unknown}
 k - 2 scrolls of teleportation {unknown}
 l - a scroll of brand weapon {unknown}
 m - a scroll of fog {unknown}
 o - a scroll of vulnerability {unknown}
 p - a scroll of immolation {unknown}
Potions
 i - 4 potions of curing


   Skills:
 + Level 2.4 Fighting
 * Level 3.6 Long Blades
 - Level 1.7 Throwing
 + Level 1.2 Armour
 + Level 2.8 Dodging


You had 3 spell levels left.
You didn't know any spells.
Your spell library contained the following spells:

 Spells                   Type           Power      Damage    Failure   Level
 Summon Small Mammal      Summ           0%         N/A       47%         1
 Lesser Beckoning         Tloc           0%         N/A       63%         2
 Call Canine Familiar     Summ           0%         N/A       85%         3
 Gell's Gravitas          Tloc           0%         N/A       85%         3
 Summon Guardian Golem    Hex/Summ       0%         N/A       85%         3
 Teleport Other           Tloc           0%         N/A       85%         3


Dungeon Overview and Level Annotations

Branches:
Dungeon (4/15)
 Temple: D:4-7

Altars:
Yredelemnul

Shops:
D:2 *

Annotations:
D:4 Pikel


Innate Abilities, Weirdness & Mutations

You have extremely sharp teeth.
Your natural rate of healing is unusually fast.
When hurt, damage is shared between your health and your magic reserves.
Your bite disrupts and absorbs the magic of your enemies.
Potions cannot restore your health.


Message History

The lemure is almost dead.
The lemure hits you!
You hit the lemure.
You kill the lemure!
That felt strangely unrewarding.
You start resting.
You hear the slow rusting of a distant drain.
HP restored.
Pikel, Merchant of Souls comes into view.
He is wielding a +2 whip of freezing.
You closely miss Pikel. Your bite misses Pikel.
Pikel hits you with a +2 whip of freezing.
Pikel freezes you.
A lemure comes into view.
It was a potion of curing.
That felt strangely inert.
The lemure shouts!
Pikel hits you with a +2 whip of freezing.
Pikel freezes you.
It was a potion of brilliance.
You feel clever all of a sudden. Pikel hits you but does no damage.
It was a potion of heal wounds.
That seemed strangely inert.
Pikel hits you with a +2 whip of freezing!
Pikel freezes you.
* * * LOW HITPOINT WARNING * * *
A lemure comes into view.
Pikel attacks as he pursues you! Pikel closely misses you.
Pikel attacks as he pursues you!
Pikel hits you with a +2 whip of freezing.
* * * LOW HITPOINT WARNING * * *
Pikel freezes you.
* * * LOW HITPOINT WARNING * * *
Pikel attacks as he pursues you! Pikel closely misses you.
Pikel attacks as he pursues you!
Pikel hits you with a +2 whip of freezing.
Pikel freezes you.
* * * LOW HITPOINT WARNING * * *
There is a stone staircase leading up, spattered with blood here.
Pikel hits you with a +2 whip of freezing!
You die...
Pikel says, "Another soul for the market."

.
#........##5##..####
..........#....###
......###.....##
.....#.....##
.........5##
....##...## #..##
### ...###..####.###
.........5.K@..#
..............##
......#....#.##
......########
##.... ...... #....
##..


You could see Pikel and a lemure.

Vanquished Creatures
  2 lemures (D:4)
  3 adders
  2 worms
  A dart slug (D:2)
  An orc (D:3)
  8 ball pythons
  4 endoplasms
  A giant cockroach (D:2)
  9 goblins
  A hobgoblin (D:2)
  3 quokkas
  5 bats
  3 frilled lizards
  10 kobolds
  4 rats
57 creatures vanquished.

Notes
Turn   | Place    | Note
-------+----------+-------------------------------------------
     0 | D:1      | Ivernyr the Vine Stalker Gladiator began the quest for the
                  | Orb.
     0 | D:1      | Reached XP level 1. HP: 11/11 MP: 2/2
   196 | D:1      | Reached XP level 2. HP: 15/15 MP: 3/3
   327 | D:1      | Reached skill level 3 in Long Blades
   817 | D:2      | Reached XP level 3. HP: 18/18 MP: 4/4
   872 | D:2      | Reached skill level 1 in Armour
  1011 | D:2      | Found a basalt altar of Yredelemnul.
  1032 | D:2      | Found Toeqiurr's General Store.
  1091 | D:2      | Reached XP level 4. HP: 21/21 MP: 5/5
  2054 | D:4      | Identified the +1 leather armour "Ucwuigaamua" {Will+++
                  | Str+2 Int+2 Slay-2}
  2073 | D:4      | Noticed a lemure
  2075 | D:4      | Noticed a lemure
  2107 | D:4      | Killed a lemure
  2115 | D:4      | Killed a lemure
  2129 | D:4      | Noticed Pikel
  2135 | D:4      | Noticed a lemure
  2139 | D:4      | Noticed a lemure
  2150 | D:4      | Slain by Pikel

Illustrated notes

Levels and vault maps discovered:
D:1:      onia_arrival_pentagram, layout_basic, nrook_campfire
D:2:      layout_loops_ring, serial_shops, shop, basic_altar
D:3:      layout_loops_ring, serial_glass, glass_columns_c, glass_columns_a,
          glass_columns_a, glass_columns_a, glass_columns_a, glass_columns_a,
          glass_columns_a, glass_columns_a, glass_columns_b, glass_columns_a
D:4:      layout_cave_pools, gup_sewer_entry_spiral, uniq_eustachio, uniq_pikel,
          uniq_menkaure

Skill      XL: |  1  2  3 |
---------------+----------+-----
Fighting       | 2 |  2.4
Long Blades    | 3 |  3.6
Armour         | 1 |  1.2
Throwing       | |  1.7
Dodging        | |  2.8

Action                     |  1- 3 |  4- 6 || total
---------------------------+-------+-------++-------
  Melee: Long sword        |    96 |    56 ||   152
         Bite              |    20 |    18 ||    38
         Punch             |       |     1 ||     1
    Use: Potion            |       |     3 ||     3
   Stab: Sleeping          |       |     1 ||     1
 Armour: Leather armour    |    61 |    31 ||    92
  Dodge: Dodged            |    76 |    38 ||   114

Table legend: (Time is in decaauts)
 A = Elapsed time spent in this place.
 B = Non-inter-level travel time spent in this place.
 C = Inter-level travel time spent in this place.
 D = Time resting spent in this place.
 E = Time spent auto-exploring this place.
 F = Levels seen in this place.
 G = Mean time per level.
                   A        B        C        D        E       F      G
               +--------+--------+--------+--------+--------+-----+--------+
         Total |   2185 |   2103 |     82 |      7 |   1584 |   4 |  546.2 |
       Dungeon |   2185 |   2103 |     82 |      7 |   1584 |   4 |  546.2 |
               +--------+--------+--------+--------+--------+-----+--------+

Top non-repeatable levels by time:
     D:1: 798 daAuts
     D:2: 689 daAuts
     D:3: 569 daAuts
     D:4: 128 daAuts
